Map: Dusk Towers

Players

Voltz

  • Race: Zerg Zerg
  • League: Grandmaster

EJK - Winner!

  • Race: Terran Terran
  • League: Master

Event: Gauntlet LotV Series 1 Qualifier 1

VOD

Have the link to the VOD?

Description

Time

  • Played on: Nov. 22, 2015, 3:46 p.m.
  • Length: 17:02

All games in this series

Show
View Real Time Build Order
Export as new Build Order

Voltz Zerg 

Build Orders: Hatch First 

Get SALT Encoding   

  12  0:00  Drone  
  13  0:12  Overlord  
  13  0:17  Drone  
  14  0:31  Drone x2  
  14  0:34  Drone  
  17  0:51  Hatchery  
  17  0:54  Drone  
  17  0:57  Drone  
  18  1:08  Extractor  
  17  1:12  Spawning Pool  
  17  1:15  Drone  
  17  1:18  Drone  
  18  1:28  Drone  
  19  1:39  Drone  
  20  1:50  Overlord  
  20  1:59  Queen  
  22  2:03  Queen  
  22  2:05  Zergling x4  
  22  2:08  Metabolic Boost  
  26  2:12  Drone  
  27  2:16  Drone  
  27  2:22  Drone  
  29  2:25  Drone  
  30  2:32  Overlord  
  30  2:34  Queen  
  30  2:35  Drone  
  33  2:44  Drone  
  34  2:52  Drone  
  34  2:54  Drone  
  34  2:56  Hatchery  
  34  2:58  Drone  
  36  3:04  Overlord  
  36  3:07  Drone  
  36  3:08  Drone  
  36  3:09  Drone  
  36  3:10  Drone  
  40  3:15  Queen  
  40  3:18  Drone  
  43  3:20  Drone  
  43  3:22  Drone  
  43  3:25  Overlord  
  44  3:29  Overlord  
  44  3:31  Drone  
  45  3:34  Extractor  
  45  3:35  Extractor  
  45  3:38  Overlord  
  43  3:44  Drone  
  43  3:45  Drone x4  
  48  3:49  Evolution Chamber  
  47  3:58  Drone x4  
  47  4:00  Extractor  
  50  4:04  Evolution Chamber  
  50  4:06  Overlord  
  50  4:09  Drone  
  50  4:13  Queen  
  50  4:14  Drone  
  53  4:17  Zerg Ground Armor Level 1  
  53  4:19  Drone  
  53  4:22  Baneling Nest  
  53  4:28  Drone x3  
  53  4:31  Zerg Melee Weapons Level 1  
  56  4:33  Drone  
  57  4:38  Lair  
  57  4:40  Zergling x2  
  57  4:44  Spore Crawler  
  57  4:48  Spore Crawler  
  57  4:50  Queen  
  57  4:52  Zergling x2  
  59  4:55  Zergling x4  
  59  4:57  Zergling x2  
  62  5:01  Zergling x4  
  62  5:04  Zergling x4  
  62  5:05  Zergling x2  
  67  5:15  Overlord  
  67  5:16  Drone x4  
  67  5:17  Drone  
  72  5:25  Drone x3  
  72  5:27  Overlord  
  73  5:36  Drone x7  
  80  5:43  Spire  
  80  5:45  Drone  
  80  5:50  Drone x2  
  81  6:01  Extractor x2  
  81  6:02  Centrifical Hooks  
  81  6:03  Drone x3  
  81  6:04  Drone x6  
  88  6:20  Infestation Pit  
  86  6:29  Queen  
  86  6:30  Overseer  
  88  6:40  Queen  
  88  6:43  Queen  
  88  6:45  Spore Crawler  
  88  6:46  Spore Crawler x2  
  85  6:49  Drone  
  84  6:58  Spore Crawler  
  84  6:59  Zerg Ground Armor Level 2, Zerg Melee Weapons Level 2  
  84  7:00  Corruptor x2  
  89  7:01  Hatchery  
  89  7:06  Overlord x5  
  88  7:17  Queen  
  85  7:45  Hive  
  85  7:46  Corruptor, Pathogen Glands  
  85  7:47  Corruptor x2  
  89  7:52  Drone x14  
  89  7:57  Drone  
  104  8:03  Drone x2  
  106  8:09  Overlord x4  
  106  8:13  Queen  
  105  8:21  Spore Crawler, Infestor x6  
  112  8:36  Drone x8, Extractor  
  112  8:38  Extractor  
  118  8:46  Zergling x16  
  126  8:55  Drone x3  
  129  9:00  Queen  
  120  9:13  Zergling x2  
  120  9:14  Zergling x22  
  121  9:21  Adrenal Glands  
  121  9:22  Ultralisk Cavern  
  121  9:23  Zergling x8  
  121  9:24  Zergling x2  
  123  9:30  Zerg Ground Armor Level 3  
  123  9:31  Zerg Melee Weapons Level 3  
  123  9:32  Queen x3  
  123  9:36  Queen  
  131  9:48  Drone x3  
  131  9:49  Drone  
  131  9:50  Drone  
  136  9:53  Overseer  
  136  9:57  Corruptor  
  136  9:58  Corruptor x5  
  148  10:11  Chitinous Plating  
  148  10:13  Drone x6  
  144  10:38  Ultralisk  
  144  10:41  Overlord x5  
  150  10:49  Hatchery  
  149  11:01  Ultralisk x5  
  179  11:09  Hatchery  
  178  11:14  Ultralisk  
  184  11:25  Ultralisk x2  
  190  11:27  Overlord x2  
  172  11:48  Ultralisk x3  
  178  11:55  Ultralisk  
  184  12:03  Infestor x4  
  166  12:20  Ultralisk  
  166  12:21  Ultralisk  
  169  12:22  Zergling x2  
  169  12:23  Zergling x24  
  181  12:30  Drone x7, Extractor  
  181  12:35  Infestor x2  
  191  12:43  Ultralisk  
  197  12:54  Zergling x6  
  197  12:57  Extractor  
  193  13:08  Drone x11  
  189  13:21  Ultralisk x2  
  184  13:35  Ultralisk x2  
  180  13:50  Ultralisk x3  
  187  13:58  Zergling x2  
  187  13:59  Zergling x16  
  159  14:11  Infestor x4  
  159  14:13  Zergling x8  
  159  14:23  Infestor  
  161  14:25  Zergling x16  
  169  14:38  Spore Crawler x2  
  166  14:39  Spore Crawler  
  166  14:42  Spore Crawler  
  166  14:44  Corruptor x2  
  162  14:58  Infestor  
  162  14:59  Infestor x2  
  164  15:07  Drone  
  164  15:08  Drone x8  
  164  15:12  Drone x2  
  164  15:13  Drone  
  168  15:23  Ultralisk  
  129  15:44  Ultralisk x2  
  117  15:51  Infestor x3  
  103  15:59  Ultralisk  
  109  16:10  Ultralisk  
  115  16:16  Ultralisk  
  111  16:22  Ultralisk  
Show
View Real Time Build Order
Export as new Build Order

EJK Terran - Winner!

Build Orders: Command Center First (CC), Mech 

Get SALT Encoding   

  12  0:00  SCV  
  13  0:13  SCV  
  14  0:18  Supply Depot  
  14  0:25  SCV  
  15  0:40  SCV  
  16  0:52  SCV  
  17  1:03  Command Center  
  17  1:04  SCV  
  18  1:14  Barracks  
  18  1:16  SCV  
  19  1:21  Refinery  
  19  1:28  SCV  
  20  1:40  Refinery  
  20  1:41  SCV  
  21  1:54  SCV  
  22  2:05  Marine  
  22  2:06  Supply Depot  
  22  2:07  Orbital Command  
  23  2:16  Orbital Command  
  23  2:28  Barracks Reactor  
  23  2:30  Factory  
  23  2:33  SCV  
  24  2:45  SCV x2  
  26  2:57  SCV x2  
  28  3:04  Marine x2  
  30  3:08  Refinery  
  30  3:11  SCV x2  
  32  3:13  Factory Tech Lab  
  32  3:15  Starport  
  32  3:22  Marine x2  
  34  3:27  SCV  
  34  3:30  Bunker  
  34  3:32  SCV, Siege Tank  
  39  3:40  SCV, Marine x2  
  42  3:44  SCV  
  43  3:53  Medivac  
  45  4:00  Marine x2  
  46  4:06  Supply Depot  
  46  4:09  Command Center  
  46  4:16  Starport  
  46  4:20  Factory Tech Lab  
  46  4:21  Supply Depot  
  46  4:23  Supply Depot  
  46  4:27  SCV x2  
  46  4:30  Banshee, Cloaking Field  
  46  4:31  Marine  
  51  4:36  Supply Depot  
  52  4:44  SCV x2  
  54  4:58  SCV x2  
  56  5:01  Refinery  
  56  5:02  Hellion x2  
  56  5:03  Banshee  
  63  5:13  Banshee  
  63  5:14  SCV x2  
  68  5:26  SCV x2  
  70  5:29  Orbital Command  
  70  5:32  Hellion x2  
  70  5:34  Barracks Tech Lab  
  73  5:35  Factory  
  73  5:37  Factory  
  73  5:38  SCV  
  74  5:43  SCV  
  74  5:48  Banshee  
  78  5:50  SCV  
  78  5:51  Orbital Command  
  78  5:55  SCV  
  78  5:56  Banshee  
  83  6:04  Barracks Tech Lab, Hellion x2  
  87  6:08  Supply Depot  
  87  6:10  Engineering Bay  
  87  6:11  Armory  
  85  6:27  SCV x2  
  87  6:35  Hellion x2  
  88  6:50  Banshee  
  88  6:51  Banshee  
  88  6:52  Cyclone x2  
  100  6:57  Infernal Pre-Igniter, Mag-Field Accelerator  
  100  6:59  SCV  
  101  7:03  Terran Vehicle Weapons Level 1  
  101  7:05  SCV x2, Hellion x2  
  101  7:06  Supply Depot  
  107  7:11  SCV, Refinery  
  107  7:14  Refinery  
  107  7:15  Supply Depot  
  108  7:17  SCV  
  104  7:31  Cyclone x2, Hellion  
  104  7:32  Hellion  
  108  7:45  SCV x3  
  117  7:57  SCV x2  
  119  7:58  Supply Depot  
  119  8:01  Factory  
  119  8:02  SCV, Factory  
  120  8:06  Command Center  
  120  8:09  SCV  
  120  8:10  SCV, Cyclone x2  
  120  8:11  Hellion  
  124  8:20  Hellion  
  126  8:32  SCV x3  
  126  8:40  Supply Depot  
  126  8:41  Supply Depot x2  
  126  8:42  Cyclone  
  126  8:43  Cyclone  
  132  8:50  Factory Tech Lab, Factory Reactor  
  132  8:55  Supply Depot x2  
  132  8:56  Supply Depot  
  132  9:01  Banshee, Hellion x2  
  132  9:02  Banshee  
  132  9:15  Cyclone x2  
  122  9:23  Hellion x2  
  126  9:27  Command Center  
  126  9:28  Command Center  
  126  9:31  Command Center  
  126  9:33  Refinery  
  126  9:34  SCV x2  
  126  9:37  Refinery  
  128  9:40  Terran Vehicle Weapons Level 2  
  128  9:42  Sensor Tower  
  128  9:44  Missile Turret  
  128  9:46  Armory  
  128  9:56  Planetary Fortress  
  128  10:01  Siege Tank  
  128  10:03  Siege Tank  
  128  10:07  Siege Tank  
  137  10:28  Hellion x4  
  142  10:42  Cyclone x3  
  151  10:43  Terran Vehicle And Ship Armor Level 1  
  151  10:45  Command Center, Orbital Command  
  151  10:54  Hellion  
  153  10:57  Refinery  
  153  11:01  Sensor Tower  
  153  11:02  Refinery  
  151  11:14  Cyclone x3  
  151  11:16  Hellion x2  
  151  11:17  Hellion  
  160  11:46  Cyclone x3  
  152  11:51  Hellion x3  
  152  11:52  Hellion  
  140  12:18  Cyclone x3  
  140  12:21  Hellion  
  126  12:26  Planetary Fortress  
  126  12:31  SCV x2  
  128  12:39  Terran Vehicle Weapons Level 3  
  128  12:41  Terran Vehicle And Ship Armor Level 2  
  128  12:43  SCV  
  128  12:44  SCV  
  130  12:45  SCV  
  130  12:50  Cyclone x2  
  130  12:51  Cyclone  
  140  12:53  Orbital Command  
  140  12:59  Hellion x3  
  140  13:00  Hellion  
  148  13:17  Banshee x2  
  154  13:22  Cyclone  
  154  13:23  Cyclone x2  
  160  13:32  Hellion x2  
  140  13:48  Hellion x2  
  140  13:53  Hellion x2  
  140  13:54  Cyclone  
  140  13:55  Cyclone x2  
  153  14:00  Banshee x2  
  149  14:10  Hellion x2  
  149  14:18  Planetary Fortress  
  149  14:25  Sensor Tower  
  149  14:27  Cyclone x3  
  158  14:35  Hellion x3  
  158  14:36  Hellion  
  158  14:37  Missile Turret  
  166  14:54  Command Center  
  166  14:58  Hellion x2  
  166  14:59  Cyclone x3, Hellion  
  179  15:31  Cyclone x3  
  149  15:46  Hellion x4  
  154  16:03  Cyclone x3  
Tags
 
Add a new tag
Caveats
  • Supply blocks, unpowered buildings, or Contaminate may cause inaccurate times.
  • Supply counts are checked every 10 seconds.